 Dungeon Crawl Stone Soup version 0.24.0-123-gd5b16e6ec5 (webtiles) character file.

Game seed: 12887184238139899538, levelgen mode: deterministic

99140 eccles the Severer (level 15, 0/112 HPs)
             Began as a Demonspawn Berserker on Dec 5, 2019.
             Was the Champion of Trog.
             Slain by a demonic crawler (5 damage)
             ... on level 2 of the Abyss on Dec 17, 2019.
             The game lasted 02:31:37 (26433 turns).

eccles the Severer (Demonspawn Berserker)          Turns: 26433, Time: 02:31:38

Health: 0/112      AC: 23    Str: 18    XL:     15   Next: 76%
Magic:  12/12      EV: 15    Int:  6    God:    Trog [******]
Gold:   1968       SH:  0    Dex: 17    Spells: 14/14 levels left

rFire    + + +     SeeInvis +   a - +2 battleaxe (flame)
rCold    . . .     Gourm    .   (shield currently unavailable)
rNeg     + . .     Faith    .   y - +5 ring mail {rF+}
rPois    +         Spirit   .   (helmet unavailable)
rElec    .         Reflect  .   v - +2 cloak
rCorr    .         Harm     .   z - +1 pair of gloves
MR       +....     Rnd*Tele +   g - +2 pair of boots
Stlth    +++.......             p - amulet of the acrobat
HPRegen  0.28/turn              w - ring of protection from cold
MPRegen  0.13/turn              V - ring "Hutaen Fedudd" {rPois rF++ rC- Dex+8 Slay+2}

@: studying Stealth
A: antennae 3, molten scales 2, [clumsy 2], demonic guardian 2, [dopey 2], frail
1, [low mp 2], negative energy resistance 1, powered by pain 3, [screaming 2],
[teleportitis 2], [weak 2], no potion heal 1
a: Berserk, Trog's Hand, Brothers in Arms, Renounce Religion


You were on level 2 of the Abyss.
You worshipped Trog.
Trog was exalted by your worship.
You were not hungry.

You visited 3 branches of the dungeon, and saw 23 of its levels.
You visited the Abyss 2 times.
You also visited: Ice Cave.

You collected 2504 gold pieces.
You spent 536 gold pieces at shops.

Inventory:

Hand Weapons
 a - a +2 battleaxe of flaming (weapon)
 b - the +5 fustibalus of Becsa {speed, rPois rF+ rC+}
   (Trog gifted it to you on level 14 of the Dungeon)

   Attacks with this weapon are significantly faster.
   It protects you from fire.
   It protects you from cold.
   It protects you from poison.
 u - a +4 hunting sling of freezing
Missiles
 o - 9 javelins (quivered)
 T - 46 sling bullets
Armour
 g - a +2 pair of boots (worn)
 v - a +2 cloak (worn)
 y - a +5 ring mail of fire resistance (worn)
 z - a +1 pair of gloves (worn)
 D - the +6 scale mail "Myfoaly" {rC+ Dex+3 Stlth+, unknown}
   (You found it on level 13 of the Dungeon)

   It affects your dexterity (+3).
   It protects you from cold.
   It makes you more stealthy.
Jewellery
 n - a +4 ring of dexterity
 p - an amulet of the acrobat (around neck)
 q - an uncursed ring of stealth
 w - a ring of protection from cold (left hand)
 C - a +3 ring of strength
 N - an uncursed ring of protection from fire
 V - the ring "Hutaen Fedudd" (right hand) {rPois rF++ rC- Dex+8 Slay+2}
   (You found it on level 10 of the Dungeon)

   [ring of slaying]

   It affects your dexterity (+8).
   It affects your accuracy and damage with ranged weapons and melee attacks
   (+2).
   It greatly protects you from fire.
   It makes you vulnerable to cold.
   It protects you from poison.
Wands
 j - a wand of digging (6)
 A - a wand of random effects (24)
 E - a wand of acid (26)
 O - a wand of paralysis (17)
 P - a wand of iceblast (23)
 S - a wand of flame (11)
 U - a wand of disintegration (27)
Scrolls
 e - 9 scrolls of teleportation
 i - 4 scrolls of fear
 l - 2 scrolls of fog
 r - 7 scrolls of identify
 F - a scroll of summoning
 G - 2 scrolls of magic mapping
 I - a scroll of silence
 W - 6 scrolls of remove curse
 Y - 2 scrolls of brand weapon
Potions
 d - 7 potions of curing
 f - 4 potions of might
 h - 2 potions of haste
 k - 6 potions of brilliance
 m - 3 potions of heal wounds
 t - 3 potions of flight
 x - 5 potions of agility
 H - a potion of berserk rage
 J - 3 potions of mutation
 L - 4 potions of cancellation
 Q - a potion of resistance
 R - a potion of invisibility
 Z - 3 potions of lignification
Books
 s - a manual of Stealth
Comestibles
 c - 40 rations


   Skills:
 * Level 13.9 Fighting
 * Level 19.0 Axes
 + Level 4.6(4.7) Slings
 + Level 0.8(3.0) Throwing
 + Level 6.6 Armour
 + Level 6.5 Dodging
 + Level 5.9 Stealth
 + Level 0.7 Evocations


You had 14 spell levels left.
You didn't know any spells.
Your spell library was empty.

Dungeon Overview and Level Annotations

Branches:
Dungeon (15/15)            Temple (0/1) D:7            Lair (6/6) D:8
 Shoals (0/4) Lair:4        Snake (0/4) Lair:3          Orc (2/2) D:11
    Elf (0/3) Orc:2        Depths (0/5) D:15          IceCv (visited)
  Slime: Lair:5-6    Vaults: D:13-14

Altars:
Dithmenos
Gozag
Nemelex Xobeh
Okawaru
Sif Muna
Trog
Xom
The Shining One
Beogh

Shops:
D:4 *   D:9 [?*   D:14 %=}}   Orc:2 *[=(

Annotations:
Lair:5 exclusion: 3 oklob plants


Innate Abilities, Weirdness & Mutations

You have a pair of large antennae on your head. (SInv)
You are mostly covered in molten scales. (AC +3)
A demonic guardian rushes to your aid.
You resist negative energy. (rN+)
You are powered by pain.
You are frail. (-10% HP)
Potions are less effective at restoring your health.
[You are very clumsy. (Dex -4)]
[You are very dopey. (Int -4)]
[Your magical capacity is very low. (-20% MP)]
[You sometimes yell uncontrollably at your foes.]
[You are sometimes teleported next to monsters.]
[You are very weak. (Str -4)]


Message History

* * * LOW HITPOINT WARNING * * *
You slice the demonic crawler!! You burn the demonic crawler.
The demonic crawler is almost dead.
The demonic crawler completely misses you.
The demonic crawler hits you.
* * * LOW HITPOINT WARNING * * *
The demonic crawler misses you.
You hit the demonic crawler.
The demonic crawler is almost dead.
The demonic crawler hits you.
* * * LOW HITPOINT WARNING * * *
The demonic crawler hits you but does no damage. x2
You hit the demonic crawler.
The demonic crawler is almost dead.
The demonic crawler hits you but does no damage. x2
The demonic crawler misses you.
You hit the demonic crawler but do no damage.
The demonic crawler is almost dead.
The demonic crawler hits you.
You die...

$........... # .
..........# ...
..........# ###..
..#......# ..
....#.....#
#......[......#
.#.#... .......# .
.
.........#########
.
..s......s@3......#
#.#.
..........#########
#....#.........#
#.. .......... # #
# ########### ...#.
## #.


You could see a demonic crawler and a friendly sixfirhy.

Vanquished Creatures
  Rupert (Orc:2)
  A frost giant (IceCv)
  The ghost of Yzxunnie the Fighter, a journeyman OgBe of Trog (D:10)
  An ettin (Orc:1)
  5 hydras
  An ice dragon (Lair:5)
  3 centaur warriors
  3 catoblepae
  3 death knights
  2 two-headed ogres
  A tengu warrior (D:14)
  11 death yaks
  2 orc high priests (Orc:2)
  Nergalle (D:12)
  A fire crab (Lair:5)
  An unseen horror (D:10)
  A skeletal warrior (D:14)
  A lindwurm (Lair:6)
  2 phantasmal warriors (D:14)
  A wizard (D:13)
  6 orc knights
  9 ugly things
  2 orc sorcerers
  3 manticores
  6 cyclopes
  A centaur zombie (D:11)
  8 elephants (Lair:6)
  6 black mambas
  A gargoyle (D:11)
  An ice statue (IceCv)
  6 komodo dragons
  11 spiny frogs
  9 rime drakes
  3 yaktaurs (D:10)
  An efreet (D:14)
  5 trolls
  14 polar bears
  A tengu conjurer (D:13)
  A hornet (D:14)
  9 hippogriffs
  A snapping turtle (Lair:4)
  Grinder (D:3)
  6 slime creatures
  15 blink frogs
  Sigmund (D:2)
  3 shadows
  3 wyverns
  A centaur simulacrum (D:15)
  5 wraiths
  51 yaks
  2 vampires
  14 humans
  3 hogs (D:7)
  Eustachio (D:5)
  2 basilisks (Lair:1)
  3 hungry ghosts (D:11)
  A neqoxec (Abyss:2)
  4 nagas (Lair:3)
  12 porcupines
  11 water moccasins
  27 orc warriors
  4 ice beasts
  2 sky beasts
  Duvessa (D:5)
  2 phantoms
  10 ogres
  23 wolves
  13 centaurs
  12 crocodiles
  5 big kobolds
  14 bullfrogs
  Dowan (D:5)
  8 scorpions
  2 wyvern skeletons
  A water moccasin skeleton (D:12)
  5 killer bees (D:10)
  A howler monkey (D:7)
  7 crimson imps
  2 quasits
  4 centaur skeletons
  2 small abominations (Abyss:2)
  A bullfrog zombie (D:8)
  9 hounds
  7 jellies
  8 orc priests
  19 orc wizards
  A bullfrog skeleton (D:9)
  3 iguanas
  13 worker ants
  6 ogre zombies (D:11)
  2 hound zombies
  A hound skeleton (D:4)
  A howler monkey zombie (D:11)
  2 worker ant zombies
  6 gnolls (D:5)
  13 adders
  2 shadow imps
  4 white imps
  3 oozes
  An adder skeleton (D:4)
  2 worms (D:3)
  4 dart slugs
  7 leopard geckos
  65 orcs
  A ball python (D:1)
  7 bats
  4 giant cockroaches
  4 goblins
  7 hobgoblins
  5 jackals
  29 kobolds
  7 quokkas
  7 frilled lizards
  2 goblin skeletons (D:11)
  A goblin zombie (D:11)
  2 hobgoblin zombies (D:11)
  A leopard gecko skeleton (D:7)
  2 orc skeletons (D:11)
  12 orc zombies (D:11)
  6 rats
  A butterfly (Lair:6)
  4 fungi
  6 plants (Lair:6)
720 creatures vanquished.

Vanquished Creatures (collateral kills)
  An orc warlord (Orc:2)
  A green death (Abyss:2)
  A catoblepas (Lair:6)
  2 death yaks (Lair:6)
  A sixfirhy (Abyss:2)
  An unseen horror (D:11)
  A wizard (D:14)
  4 ugly things (D:14)
  An elephant (Lair:6)
  A spiny frog (Lair:2)
  A rime drake (Lair:4)
  A yaktaur (D:10)
  A tengu conjurer (D:13)
  A polar bear (IceCv)
  A troll (D:14)
  2 slime creatures (D:13)
  5 blink frogs
  A hippogriff (Lair:4)
  A basilisk (Lair:1)
  14 yaks
  A hog (D:7)
  A vampire mosquito (D:14)
  2 water moccasins
  4 orc warriors
  A black bear (Lair:1)
  A phantom (D:4)
  2 wolves
  4 centaurs
  A big kobold (D:10)
  A scorpion (D:4)
  A howler monkey (D:14)
  An orc priest (D:7)
  An orc wizard (D:7)
  A worker ant (D:8)
  Terence (D:3)
  An iguana (D:8)
  A hound skeleton (D:4)
  A gnoll (D:5)
  A leopard gecko (D:5)
  5 orcs
  A frilled lizard (D:4)
  2 kobolds (D:10)
  A plant (Lair:6)
78 creatures vanquished.

Vanquished Creatures (others)
  2 water elementals (D:12)
  A wolf (IceCv)
  A howler monkey (D:12)
  A bush (Lair:6)
  9 fungi
  4 plants
18 creatures vanquished.

Grand Total: 816 creatures vanquished

Notes
Turn   | Place    | Note
-------+----------+-------------------------------------------
     0 | D:1      | eccles the Demonspawn Berserker began the quest for the
                  | Orb.
     0 | D:1      | Reached XP level 1. HP: 18/18 MP: 1/1
   254 | D:1      | Gained mutation: You are partially covered in molten
                  | scales. (AC +2) [demonic ancestry]
   254 | D:1      | Reached XP level 2. HP: 24/24 MP: 2/2
   437 | D:1      | Reached skill level 3 in Axes
   880 | D:2      | Gained mutation: A weak demonic guardian rushes to your
                  | aid. [demonic ancestry]
   880 | D:2      | Reached XP level 3. HP: 19/29 MP: 3/3
   978 | D:2      | Noticed Sigmund
   987 | D:2      | Killed Sigmund
   987 | D:2      | Reached skill level 4 in Axes
   987 | D:2      | Gained mutation: You are mostly covered in molten scales.
                  | (AC +3) [demonic ancestry]
   987 | D:2      | Reached XP level 4. HP: 22/37 MP: 4/4
   987 | D:2      | Gained mutation: You sometimes gain a little power by
                  | taking damage. [demonic ancestry]
   987 | D:2      | Reached XP level 5. HP: 25/42 MP: 5/5
  1328 | D:2      | Reached skill level 1 in Stealth
  1364 | D:2      | Reached ** piety under Trog
  1903 | D:3      | Noticed Terence
  1911 | D:3      | Killed Terence
  1911 | D:3      | Reached XP level 6. HP: 37/48 MP: 6/6
  2241 | D:3      | Noticed Grinder
  2255 | D:3      | Killed Grinder
  2255 | D:3      | Reached skill level 5 in Axes
  2460 | D:3      | Found an iron altar of Okawaru.
  2461 | D:3      | Found an opulent altar of Gozag.
  2461 | D:3      | Found a shadowy altar of Dithmenos.
  2580 | D:3      | Found a glowing golden altar of the Shining One.
  2656 | D:3      | Reached XP level 7. HP: 54/55 MP: 7/7
  2793 | D:3      | Found a faded altar of an unknown god.
  3210 | D:4      | Found Ylopnu's Elemental Accessories.
  3236 | D:4      | Reached skill level 5 in Fighting
  3236 | D:4      | Reached skill level 6 in Axes
  3259 | D:4      | Reached *** piety under Trog
  3727 | D:4      | Gained mutation: You have a pair of small antennae on your
                  | head. [demonic ancestry]
  3727 | D:4      | Reached XP level 8. HP: 54/63 MP: 8/8
  4161 | D:5      | Entered Level 5 of the Dungeon
  4162 | D:5      | Noticed Dowan
  4170 | D:5      | Noticed Duvessa
  4179 | D:5      | Killed Duvessa
  4179 | D:5      | Reached skill level 7 in Axes
  4181 | D:5      | Killed Dowan
  4658 | D:5      | Noticed Eustachio
  4701 | D:5      | Killed Eustachio
  4884 | D:5      | Reached skill level 8 in Axes
  5298 | D:6      | Paralysed by fainting for 11 turns
  5365 | D:6      | Found a glowing golden altar of the Shining One.
  5736 | D:6      | Gained mutation: You have a pair of antennae on your head.
                  | [demonic ancestry]
  5736 | D:6      | Reached XP level 9. HP: 70/70 MP: 9/9
  5771 | D:6      | Reached **** piety under Trog
  5844 | D:6      | Found a shimmering blue altar of Sif Muna.
  5906 | D:6      | Identified Sif Muna's Grimoire of Confrontation
  6077 | D:7      | Reached skill level 9 in Axes
  6280 | D:7      | Found a staircase to the Ecumenical Temple.
  6498 | D:7      | Found a sparkling altar of Nemelex Xobeh.
  6662 | D:7      | Reached skill level 10 in Axes
  7085 | D:8      | Gained mutation: You have a pair of large antennae on your
                  | head. (SInv) [demonic ancestry]
  7085 | D:8      | Reached XP level 10. HP: 71/79 MP: 10/10
  7113 | D:8      | Identified the +2 robe of the Hunter {Regen+}
  7114 | D:8      | Reached skill level 1 in Slings
  7117 | D:8      | Reached ***** piety under Trog
  8012 | D:8      | Found a staircase to the Lair.
  8016 | D:8      | Reached skill level 11 in Axes
  8082 | D:8      | Found a shimmering altar of Xom.
  8202 | D:9      | Upgraded the game from 0.24.0-37-gcf1ca852f1 to
                  | 0.24.0-41-g2ae2f7f1be
  8306 | D:9      | Found Isut Bei's Antique Armour Emporium.
  8376 | D:9      | Noticed a two-headed ogre
  8386 | D:9      | Killed a two-headed ogre
  8528 | D:9      | Found Xejiva's Magic Scroll Shop.
  8541 | D:9      | Bought a scroll of brand weapon for 320 gold pieces
  8580 | D:9      | Found Loatae's Assorted Antiques.
  8882 | D:9      | Bought a scroll of enchant weapon for 120 gold pieces
  8882 | D:9      | Bought a scroll of identify for 32 gold pieces
  8902 | D:10     | Entered Level 10 of the Dungeon
  8906 | D:10     | Received a gift from Trog
  8935 | D:10     | Noticed an unseen horror
  8947 | D:10     | Killed an unseen horror
  9122 | D:10     | Reached skill level 12 in Axes
  9439 | D:10     | Received a gift from Trog
  9548 | D:10     | Reached XP level 11. HP: 83/86 MP: 11/11
  9749 | D:10     | Found a runed translucent gate.
  9750 | D:10     | Found a runed translucent gate.
  9751 | D:10     | Found a runed translucent gate.
  9753 | D:10     | Noticed Yzxunnie's ghost (journeyman OgBe)
 11123 | D:10     | Got a steaming tin ring
 11153 | D:10     | Identified the ring "Hutaen Fedudd" {rPois rF++ rC- Dex+8
                  | Slay+2} (You found it on level 10 of the Dungeon)
 11243 | D:10     | Reached skill level 5 in Armour
 11343 | D:9      | Bought a scroll of identify for 32 gold pieces
 11343 | D:9      | Bought a scroll of identify for 32 gold pieces
 11394 | D:11     | Found a staircase to the Orcish Mines.
 11411 | D:11     | Noticed a green ugly thing
 11439 | D:11     | Killed a green ugly thing
 11766 | D:11     | Reached skill level 13 in Axes
 11987 | D:11     | You fall into a shaft and drop 2 floors!
 11988 | D:13     | Noticed a brown ugly thing
 11988 | D:13     | Noticed a catoblepas
 11995 | D:13     | Noticed a centaur warrior
 12356 | D:12     | Received a gift from Trog
 12378 | D:12     | Noticed Nergalle
 12388 | D:12     | Killed Nergalle
 12448 | D:12     | Noticed a death knight
 12448 | D:12     | Noticed a cyan ugly thing
 12456 | D:12     | Killed a death knight
 12474 | D:12     | Killed a cyan ugly thing
 12474 | D:12     | Gained mutation: A demonic guardian rushes to your aid.
                  | [demonic ancestry]
 12474 | D:12     | Reached XP level 12. HP: 70/95 MP: 12/12
 12841 | D:12     | Reached skill level 14 in Axes
 13817 | Lair:1   | Entered Level 1 of the Lair of Beasts
 14201 | Lair:1   | You fall into a shaft and drop 1 floor!
 14206 | Lair:2   | Reached skill level 10 in Fighting
 14241 | Lair:2   | Noticed a six-headed hydra
 14250 | Lair:2   | Killed a four-headed hydra
 14653 | Lair:2   | You fall into a shaft and drop 1 floor!
 14654 | Lair:3   | Noticed a six-headed hydra
 14660 | Lair:3   | Killed a three-headed hydra
 14667 | Lair:3   | Reached skill level 15 in Axes
 14935 | Lair:3   | Found a frozen archway.
 15151 | IceCv    | Entered an ice cave
 15751 | IceCv    | Gained mutation: You sometimes gain power by taking damage.
                  | [demonic ancestry]
 15751 | IceCv    | Reached XP level 13. HP: 73/104 MP: 13/13
 15766 | IceCv    | Reached skill level 5 in Dodging
 16125 | IceCv    | Noticed a frost giant
 16153 | IceCv    | Killed a frost giant
 17579 | Lair:3   | Reached skill level 16 in Axes
 17878 | Lair:3   | Found a staircase to the Snake Pit.
 17902 | Lair:3   | Received a gift from Trog
 18360 | Lair:4   | Found a staircase to the Shoals.
 19937 | Lair:6   | Entered Level 6 of the Lair of Beasts
 19953 | Lair:6   | Gained mutation: You are powered by pain. [demonic
                  | ancestry]
 19953 | Lair:6   | Reached XP level 14. HP: 103/114 MP: 14/14
 20032 | Lair:6   | Reached skill level 17 in Axes
 20144 | Lair:6   | Received a gift from Trog
 20145 | Lair:6   | Reached ****** piety under Trog
 20624 | Lair:6   | Reached skill level 5 in Stealth
 21137 | Lair:6   | Upgraded the game from 0.24.0-41-g2ae2f7f1be to
                  | 0.24.0-123-gd5b16e6ec5
 21333 | Orc:1    | Entered Level 1 of the Orcish Mines
 21500 | Orc:1    | Found a bloodstained altar of Trog.
 21625 | Orc:2    | Entered Level 2 of the Orcish Mines
 21625 | Orc:2    | Found a staircase to the Elven Halls.
 21664 | Orc:2    | Noticed an orc warlord
 21945 | Orc:2    | Received a gift from Trog
 21997 | Orc:2    | Noticed Rupert
 22277 | Orc:2    | Killed Rupert
 22277 | Orc:2    | Reached skill level 18 in Axes
 22277 | Orc:2    | Gained mutation: You resist negative energy. (rN+) [demonic
                  | ancestry]
 22277 | Orc:2    | Reached XP level 15. HP: 80/123 MP: 15/15
 22675 | Orc:2    | Killed an orc warlord
 22703 | Orc:2    | Found Piucih's Antique Weapon Boutique.
 22759 | Orc:2    | Found Ympom's Antique Armour Emporium.
 22805 | Orc:2    | Found a bloodstained altar of Trog.
 22830 | Orc:2    | Found Naewunub's Jewellery Boutique.
 22884 | Orc:2    | Found Xucu's General Store.
 22918 | Orc:2    | Found a roughly hewn altar of Beogh.
 23127 | D:10     | Killed Yzxunnie's ghost
 23998 | D:13     | You fall into a shaft and drop 2 floors!
 23998 | D:15     | Entered Level 15 of the Dungeon
 24174 | D:14     | Found Unouj Josi's Food Emporium.
 24778 | D:14     | Found Ameilix's Jewellery Emporium.
 24799 | D:14     | Found Ydeir's Gadget Boutique.
 24841 | D:14     | Received a gift from Trog
 24883 | D:14     | Got a polished fustibalus {god gift}
 25198 | D:14     | Identified the +5 fustibalus of Becsa {speed, rPois rF+
                  | rC+} (Trog gifted it to you on level 14 of the Dungeon)
 25262 | D:14     | Found Pyfricku's Gadget Shop.
 25750 | D:13     | Got a smoking scale mail
 25872 | D:13     | Cast into level 2 of the Abyss (a wizard)
 25911 | Abyss:2  | Noticed a bone dragon
 25924 | D:13     | Escaped the Abyss
 25947 | D:13     | Cast into level 2 of the Abyss (a wizard)
 26058 | Abyss:2  | Noticed a lich
 26139 | Abyss:2  | Gained mutation: You are frail. (-10% HP) [a neqoxec]
 26166 | Abyss:2  | Gained mutation: Potions are less effective at restoring
                  | your health. [a neqoxec]
 26170 | Abyss:2  | Reached skill level 19 in Axes
 26431 | Abyss:2  | HP: 4/112 [demonic crawler (6)]
 26433 | Abyss:2  | Slain by a demonic crawler

Levels and vault maps discovered:
D:1:      minmay_arrival_radiant_lines, layout_loops_corners
D:2:      layout_loops_ring, due_unseen_surprise, uniq_sigmund
D:3:      layout_loops_ring, grunt_temple_overflow_open,
          chequers_ecumenical_altar_twisty, nicolae_tso_carved_into_rock,
          uniq_terence, uniq_grinder
D:4:      layout_basic, first_ration, nicolae_elemental_shop,
          minmay_misc_feat_more_columns
D:5:      layout_basic, uniq_eustachio, uniq_duvessa
D:6:      layout_basic, old_standard_altar, led_sif_book
D:7:      layout_cave_pools, nemelex_xobeh_ov_fountains_minmay,
          minmay_temple_entry_water_ring, grunt_livestock
D:8:      layout_basic, kennysheep_mini, grunt_lair_entry_orc_guard_hut
D:9:      layout_basic, serial_shops, nicolae_shop_overgrown_old_shop, shop,
          nicolae_shop_behind_doors
D:10:     layout_loops_corners, ebering_ghost_rock_garden
D:11:     layout_loops_corners, zombieorc1_lemuel
D:12:     layout_roguey, st_stairs_11, minmay_fountain_box,
          hangedman_decor_peaks_small, lemuel_freeze_loot_1, uniq_nergalle
D:13:     layout_big_octagon, grunt_vaults_entry_tiered, minmay_diced_spiral
D:14:     layout_basic, solitary_fountain, serial_shops, shop, shop, shop, shop,
          minmay_checkerbox
D:15:     grunt_enter_depths_giant_problem, layout_basic, roderic_roman_lattice
Lair:1:   layout_cave_shapes, patterned_corridor
Lair:2:   layout_big_grid
Lair:3:   cheibrodos_lair_river_kwai, layout_regular_city,
          minmay_snake_entry_guardpost_small, portal_ice_cave_rime
Lair:4:   layout_loops_ring, minmay_shoals_entry_hut
Lair:5:   layout_regular_city, minmay_slime_entry_oklob_open,
          bobbens_ice_dragon_lair
Lair:6:   evilmike_catoblepas_cave, layout_misc_corridors, lemuel_fruit_fields
Orc:1:    layout_diamond_mine, trog_hazing_becter
Orc:2:    grunt_orc_gardens, layout_caves, grunt_orc_garden, grunt_orc_garden,
          grunt_orc_garden, grunt_orc_garden, basic_altar, bloody_trog,
          uniq_rupert
Abyss:2:  base: D:10, base: D:4, evilmike_abyss_exit_vortex,
          hangedman_abyss_or_decor_jellyfish_corner, minivault_1

Skill      XL: |  1  2  3  4  5  6  7  8  9 10 11 12 13 14 15 |
---------------+----------------------------------------------+-----
Axes           | 3 4 5 6 8 10 12 13 15 16 18 19 | 19.0
Dodging        | 2 3 4 5 6 |  6.5
Fighting       | 4 5 6 7 8 9 10 11 13 | 13.9
Armour         | 2 3 4 5 6 |  6.6
Stealth        | 1 2 3 4 5 |  5.9
Slings         | 1 2 3 4 |  4.6
Throwing       | |  0.8
Evocations     | |  0.7

Action                   |  1- 3 |  4- 6 |  7- 9 | 10-12 | 13-15 || total
-------------------------+-------+-------+-------+-------+-------++-------
Melee: Hand axe          |    67 |   138 |   227 |       |       ||   432
       Battleaxe         |       |       |   174 |   707 |   806 ||  1687
 Fire: Hunting sling     |       |       |    22 |    49 |    37 ||   108
       Fustibalus        |       |       |       |       |   110 ||   110
Throw: Javelin           |       |       |       |     2 |     1 ||     3
       Stone             |       |       |       |     1 |       ||     1
Invok: Berserk           |     1 |     2 |     8 |     8 |    11 ||    30
Evoke: Wand              |       |       |     2 |     5 |     3 ||    10
  Use: Scroll            |       |       |    19 |    21 |     9 ||    49
       Potion            |       |       |       |     5 |     5 ||    10
 Stab: Sleeping          |     1 |     3 |     6 |     9 |     5 ||    24
       Distracted        |       |       |     3 |     3 |    12 ||    18
       Paralysed         |       |       |     2 |       |       ||     2
       Petrified         |       |       |       |       |     2 ||     2
  Eat: Chunk             |       |     7 |    20 |    27 |    24 ||    78
       Ration            |       |       |     1 |     4 |     6 ||    11
Armor: Animal skin       |    25 |    27 |       |       |       ||    52
       Chain mail        |       |    17 |    37 |       |       ||    54
       Ring mail         |       |       |   145 |   305 |   319 ||   769
Dodge: Dodged            |    47 |    66 |   301 |   560 |   625 ||  1599
